 Dungeon Crawl Stone Soup version 0.25-a0-189-gf71692caf1 (webtiles) character file.

Game seed: 7463512816743928813, levelgen mode: deterministic

4174 Leeroy the Thaumaturge (level 10, -7/88 HPs)
             Began as a Purple Draconian Conjurer on Nov 29, 2019.
             Was a Follower of Nemelex Xobeh.
             Mangled by a two-headed ogre
             ... wielding a cursed +0 giant spiked club
              (14 damage)
             ... on level 8 of the Dungeon.
             The game lasted 00:31:50 (13233 turns).

Leeroy the Thaumaturge (Purple Draconian Conjurer) Turns: 13233, Time: 00:31:52

Health: -7/88      AC:  9    Str: 12    XL:     10   Next: 7%
Magic:  38/38      EV: 12    Int: 18    God:    Nemelex Xobeh [*.....]
Gold:   441        SH:  0    Dex: 11    Spells: 9/27 levels left

rFire    . . .     SeeInvis .   u - staff of power
rCold    . . .     Gourm    .   (no shield)
rNeg     . . .     Faith    .   (armour unavailable)
rPois    .         Spirit   .   (helmet restricted)
rElec    .         Reflect  .   (no cloak)
rCorr    .         Harm     .   E - +0 pair of gloves
MR       +....                  O - +0 pair of boots
Stlth    ++........             (no amulet)
HPRegen  0.24/turn              (no ring)
MPRegen  0.26/turn              (no ring)

@: no status effects
A: breathe power, unfitting armour, cold-blooded, AC +7
a: Breathe Dispelling Energy, Draw Escape, Draw Destruction, Draw Summoning,
Renounce Religion


You were on level 8 of the Dungeon.
You worshipped Nemelex Xobeh.
Nemelex Xobeh was aware of your devotion.
You were not hungry.

You visited 2 branches of the dungeon, and saw 10 of its levels.
You also visited: Sewer.

You collected 441 gold pieces.

Inventory:

Hand Weapons
 a - a +0 dagger
 h - a +0 short sword
 n - a +0 rapier
 B - a +1 dire flail of crushing
 F - a +2 dagger of electrocution
 G - a +0 falchion
 H - a +1 flail of draining
 P - a +1 scimitar
 Q - a +0 flail of protection
Missiles
 y - 32 poisoned darts
 S - 154 stones (quivered)
Armour
 E - a +0 pair of gloves (worn)
 O - a +0 pair of boots (worn)
Magical Staves
 u - an uncursed staff of power (weapon)
Jewellery
 d - a cursed amulet of inaccuracy {unknown}
 A - a cursed amulet of inaccuracy {unknown}
 K - a cursed amulet of faith {unknown}
 N - a +5 ring of dexterity {unknown}
 R - an uncursed ring of stealth
 T - an uncursed amulet of guardian spirit {unknown}
Wands
 z - a wand of iceblast (24)
 C - a wand of acid (16)
 L - a wand of random effects (11)
Scrolls
 c - 9 scrolls of identify {unknown}
 i - 4 scrolls of remove curse {unknown}
 j - 3 scrolls of teleportation {unknown}
 p - a scroll of fear
 q - 2 scrolls of enchant weapon {unknown}
 s - 3 scrolls of fog {unknown}
 t - a scroll of enchant armour {unknown}
 x - 2 scrolls of blinking {unknown}
 D - 4 scrolls of immolation {unknown}
 J - 2 scrolls of amnesia {unknown}
 M - a scroll of noise {unknown}
Potions
 e - a potion of resistance {unknown}
 f - 2 potions of might {unknown}
 g - 2 potions of agility {unknown}
 k - 5 potions of curing
 l - 2 potions of brilliance {unknown}
 m - a potion of haste {unknown}
 o - 2 potions of mutation {unknown}
 r - 2 potions of invisibility {unknown}
 v - 2 potions of flight {unknown}
 w - a potion of heal wounds {unknown}
 I - a potion of cancellation {unknown}
Comestibles
 b - 4 rations
 U - 9 chunks of flesh


   Skills:
 - Level 8.3 Fighting
 - Level 1.7 Dodging
 - Level 1.7 Stealth
 - Level 9.1 Spellcasting
 - Level 7.5 Conjurations
 - Level 3.7 Hexes
 - Level 1.0 Translocations
 + Level 6.4 Invocations


You had 9 spell levels left.
You knew the following spells:

 Your Spells              Type           Power        Failure   Level  Hunger
a - Magic Dart            Conj           ####         1%          1    None
b - Searing Ray           Conj           #####.       1%          2    None
c - Iskenderun's Mystic   Conj           #####...     3%          4    ###....
d - Force Lance           Conj/Tloc      ###.....     16%         4    ###....
e - Fulminant Prism       Conj/Hex       ####......   9%          4    ###....
f - Dazzling Spray        Conj/Hex       ####..       2%          3    None

Your spell library contained the following spells:

 Spells                   Type           Power        Failure   Level  Hunger
 Confusing Touch          Hex            ###...       1%          1    None
 Apportation              Tloc           ##....       6%          1    None
 Animate Skeleton         Necr           N/A          9%          1    None
 Summon Small Mammal      Summ           #...         9%          1    None


Dungeon Overview and Level Annotations

Branches:
Dungeon (9/15)             Temple (1/1) D:6           Sewer (visited)
   Lair: D:8-11         Orc: D:9-12

Altars:
Ashenzari
Cheibriados
Dithmenos
Elyvilon
Fedhas
Gozag
Hepliaklqana
Kikubaaqudgha
Makhleb
Nemelex Xobeh
Okawaru
Qazlal
Ru
Sif Muna
Trog
Uskayaw
Vehumet
Wu Jian
Yredelemnul
Zin
The Shining One

Shops:
D:8 :


Innate Abilities, Weirdness & Mutations

You can breathe bolts of dispelling energy.
Your rich purple scales are hard. (AC +7)
You cannot fit into any form of body armour.
You are cold-blooded and may be slowed by cold attacks.


Message History

Aim: a two-headed ogre, wielding a +0 giant spiked club and a +0 giant club The glob of acid hits the two-headed ogre!
The two-headed ogre is splashed with acid!
The acid corrodes the two-headed ogre!
The two-headed ogre is heavily wounded.
The two-headed ogre hits you with a cursed +0 giant spiked club!!
* * * LOW HITPOINT WARNING * * *
The two-headed ogre completely misses you.
The two-headed ogre is no longer covered in acid.
You draw a card...
You have drawn the Orb.
Press: ? - help, Shift-Dir - straight line, f/p - two-headed ogre
Aim: a two-headed ogre, wielding a +0 giant spiked club and a +0 giant club (moderately wounded)
The orb of energy hits the two-headed ogre.
The two-headed ogre is heavily wounded.
The two-headed ogre hits you with a cursed +0 giant spiked club!
* * * LOW HITPOINT WARNING * * *
The two-headed ogre hits you with a +0 giant club!
You die...
Your body glows slightly and disappears.

###### .....# ####.# #...#
### ##...# ##.##
.....###############.#.##
...............O@...###.#
.........###########.#.##
....[....##.........#.##
#...[###.##.#######.#.#####
#....# #.##.# #........#
#[...###.##.# #..#.###.#
.........##.# #..#.# #.#
.....######.# #..#.# #.#
#.#.## #># #....###.#


You could see a two-headed ogre.

Vanquished Creatures
  Harold (D:7)
  A two-headed ogre (D:8)
  2 hippogriffs
  Sigmund (D:6)
  Edmund (D:4)
  4 ice beasts
  An orc warrior (D:6)
  Purgy (Sewer)
  4 ogres
  2 centaurs (D:8)
  A crocodile (D:8)
  A big kobold (D:8)
  A bullfrog (D:6)
  A scorpion (D:5)
  3 wights (D:8)
  3 crimson imps
  5 hounds
  A bullfrog zombie (D:5)
  2 centaur skeletons
  4 orc wizards
  Ijyb (D:5)
  Natasha (thrice) (D:3)
  An iguana (D:8)
  3 worker ants
  A hound skeleton (D:5)
  9 adders
  2 shadow imps
  An adder zombie (D:8)
  3 worms
  A leopard gecko (D:7)
  13 orcs
  4 ball pythons
  6 giant cockroaches
  5 goblins
  8 hobgoblins
  16 jackals
  3 quokkas
  7 bats
  7 frilled lizards
  15 kobolds
  A leopard gecko skeleton (D:7)
  5 rats
155 creatures vanquished.

Vanquished Creatures (others)
  12 fulminant prisms
12 creatures vanquished.

Grand Total: 167 creatures vanquished

Notes
Turn   | Place    | Note
-------+----------+-------------------------------------------
     0 | D:1      | Leeroy the Draconian Conjurer began the quest for the Orb.
     0 | D:1      | Reached XP level 1. HP: 14/14 MP: 3/3
   344 | D:1      | Reached XP level 2. HP: 8/20 MP: 5/5
  1119 | D:2      | Reached skill level 5 in Conjurations
  1120 | D:2      | Reached XP level 3. HP: 5/26 MP: 3/6
  1123 | D:2      | HP: 1/26 [jackal (3)]
  1333 | D:2      | Learned a level 2 spell: Searing Ray
  1923 | D:2      | Reached XP level 4. HP: 33/33 MP: 4/7
  1934 | D:2      | Learned a level 4 spell: Iskenderun's Mystic Blast
  2820 | D:3      | Found a glowing drain.
  2883 | Sewer    | Entered a sewer
  2936 | Sewer    | Noticed Purgy
  3315 | Sewer    | Killed Purgy
  3315 | Sewer    | Reached XP level 5. HP: 32/38 MP: 1/8
  3915 | D:3      | Noticed Natasha
  3921 | D:3      | Killed Natasha
  4128 | D:3      | Noticed Natasha
  4134 | D:3      | Killed Natasha
  4134 | D:3      | Reached XP level 6. HP: 39/45 MP: 3/9
  4143 | D:3      | Noticed Natasha
  4164 | D:3      | Killed Natasha
  4570 | D:4      | Noticed Edmund
  4777 | D:4      | Killed Edmund
  4777 | D:4      | Reached skill level 3 in Spellcasting
  5269 | D:5      | Entered Level 5 of the Dungeon
  5286 | D:5      | Found a shimmering blue altar of Sif Muna.
  5334 | D:5      | Noticed an ice beast
  5356 | D:5      | Learned a level 4 spell: Force Lance
  5486 | D:5      | Found a sacrificial altar of Ru.
  5636 | D:5      | Noticed an ice beast
  5804 | D:5      | Reached skill level 4 in Spellcasting
  5804 | D:5      | Your scales start taking on a rich purple colour.
  5804 | D:5      | Reached skill level 5 in Spellcasting
  5804 | D:5      | Reached XP level 7. HP: 50/50 MP: 14/14
  6303 | D:5      | Noticed Ijyb
  6311 | D:5      | Killed Ijyb
  6548 | D:6      | Found a shattered altar of Ashenzari.
  6918 | D:6      | Found a staircase to the Ecumenical Temple.
  6928 | Temple   | Entered the Ecumenical Temple
  6967 | Temple   | Became a worshipper of Nemelex Xobeh the Trickster
  7050 | D:6      | Received a gift from Nemelex Xobeh
  7058 | D:6      | Reached skill level 6 in Spellcasting
  7274 | D:6      | Reached skill level 7 in Spellcasting
  7347 | D:6      | Noticed Sigmund
  7476 | D:6      | Paralysed by fainting for 10 turns
  8284 | D:5      | Reached XP level 8. HP: 57/57 MP: 19/19
  8645 | D:6      | Learned a level 4 spell: Fulminant Prism
  8649 | D:6      | Learned a level 3 spell: Dazzling Spray
  8695 | D:6      | Killed Sigmund
  8695 | D:6      | Reached skill level 8 in Spellcasting
  9010 | D:6      | Found a shimmering blue altar of Sif Muna.
  9239 | D:7      | Noticed Harold
  9263 | D:8      | Reached skill level 9 in Spellcasting
  9295 | D:8      | Reached skill level 1 in Translocations
  9403 | D:8      | Reached skill level 1 in Hexes
  9478 | D:8      | Found Vurr's Book Shop.
  9516 | D:8      | Reached * piety under Nemelex Xobeh
  9917 | D:8      | Received a gift from Nemelex Xobeh
  9987 | D:8      | Noticed a two-headed ogre
 10319 | D:7      | Noticed a hippogriff
 10393 | D:6      | Reached XP level 9. HP: 35/72 MP: 8/22
 10819 | D:7      | Found a hazy altar of Hepliaklqana.
 10975 | D:7      | Found a basalt altar of Yredelemnul.
 10987 | D:7      | Found a blossoming altar of Fedhas.
 11045 | D:7      | Reached skill level 5 in Fighting
 11269 | D:7      | Killed Harold
 11598 | D:7      | Received a gift from Nemelex Xobeh
 11771 | D:8      | Reached skill level 1 in Invocations
 12339 | D:8      | Noticed a balrug
 12340 | D:8      | Found a burning altar of Makhleb.
 12353 | D:8      | Found a glowing silver altar of Zin.
 13005 | D:8      | Noticed an angel
 13092 | D:8      | Killed a two-headed ogre
 13092 | D:8      | Reached XP level 10. HP: 88/88 MP: 14/23
 13187 | D:9      | Noticed a two-headed ogre
 13233 | D:8      | Mangled by a two-headed ogre

Levels and vault maps discovered:
D:1:      dpeg_arrival_snail, layout_basic
D:2:      layout_loops_cross, first_ration
D:3:      layout_loops_ring, cheibrodos_sewer_entry_sluice, uniq_natasha
D:4:      layout_loops_ring, uniq_edmund
D:5:      layout_loops_corners, nicolae_ru_the_path_less_chosen, basic_altar,
          uniq_ijyb
D:6:      kennysheep_orc_sif_temple, layout_basic, minmay_temple_entry_waves,
          st_stairs_8, minivault_27, ashenzari_altar_1, uniq_sigmund
D:7:      layout_cave_pools, minitemple, kennysheep_mini, uniq_harold
D:8:      layout_loops_ring, grunt_temple_overflow_order_and_chaos_2,
          serial_shops, nicolae_shop_trees
D:9:      layout_basic, uniq_prince_ribbit1, uniq_pikel
Temple:   nicolae_temple_x_marks_the_god

Skill      XL: |  1  2  3  4  5  6  7  8  9 |
---------------+----------------------------+-----
Conjurations   | 5 6 7 |  7.5
Spellcasting   | 5 7 9 |  9.1
Translocations | 1 |  1.0
Hexes          | 3 |  3.7
Fighting       | 4 8 |  8.3
Invocations    | 6 |  6.4
Dodging        | |  1.7
Stealth        | |  1.7

Action                   |  1- 3 |  4- 6 |  7- 9 | 10-12 || total
-------------------------+-------+-------+-------+-------++-------
Melee: Dagger            |    21 |       |    80 |       ||   101
       Short sword       |   138 |     3 |       |       ||   141
       Tailslap          |    15 |     7 |    19 |       ||    41
       Rapier            |       |    89 |       |       ||    89
       Staff             |       |    53 |    66 |       ||   119
       Dire flail        |       |       |    22 |       ||    22
Throw: Stone             |       |       |     1 |       ||     1
 Cast: Magic Dart        |     6 |     5 |     1 |       ||    12
       Searing Ray       |     1 |    16 |    24 |       ||    41
       Iskenderun's Myst |       |    24 |    29 |       ||    53
       Fulminant Prism   |       |       |    10 |     2 ||    12
       Force Lance       |       |       |    14 |     1 ||    15
       Dazzling Spray    |       |       |     3 |       ||     3
 Abil: Draw Destruction  |       |       |     1 |     2 ||     3
  Use: Potion            |     1 |     1 |     1 |       ||     3
       Scroll            |       |     1 |       |       ||     1
 Stab: Sleeping          |     4 |     1 |       |       ||     5
  Eat: Chunk             |     4 |    11 |     8 |     1 ||    24
       Ration            |       |     2 |     6 |       ||     8
Armor: Skin              |    56 |    62 |   134 |       ||   252
Dodge: Dodged            |   113 |   155 |   173 |     2 ||   443

Table legend:
 A = Non-vault XP
 B = Vault XP
 C = Vault XP percentage of total XP
 D = Non-vault monster count
 E = Vault monster count
 F = Vault count percentage of total count
                 A         B        C        D         E       F
            +---------+---------+-------+---------+---------+-------
      Total |    4193 |    1770 |  29.7 |     137 |      18 |  11.6
            +---------+---------+-------+---------+---------+-------
        D:1 |      22 |       0 |   0.0 |      14 |       0 |   0.0
        D:2 |     109 |       0 |   0.0 |      28 |       0 |   0.0
        D:3 |     124 |      43 |  25.7 |      23 |       4 |  14.8
        D:4 |      27 |     154 |  85.1 |       2 |       1 |  33.3
        D:5 |     365 |      36 |   9.0 |      11 |       1 |   8.3
        D:6 |     550 |     446 |  44.8 |      15 |       5 |  25.0
        D:7 |     742 |     960 |  56.4 |      17 |       1 |   5.6
        D:8 |    2254 |       0 |   0.0 |      27 |       0 |   0.0
      Sewer |       0 |     131 | 100.0 |       0 |       6 | 100.0
            +---------+---------+-------+---------+---------+-------
